 Dungeon Crawl Stone Soup version 0.23.3-3-gaaff5abdbf (webtiles) character file.

Game seed: 5675359253822520094

937 Nameless213 the Chopper (level 7, 0/62 HPs)
             Began as a Minotaur Monk on Nov 12, 2023.
             Was an Initiate of Gozag.
             Slain by Prince Ribbit (13 damage)
             ... on level 5 of the Dungeon.
             The game lasted 00:39:54 (4584 turns).

Nameless213 the Chopper (Minotaur Monk)             Turns: 4584, Time: 00:39:54

Health: 0/62       AC:  7    Str: 16 (17) XL:     7   Next: 87%
Magic:  6/6        EV: 13    Int:  4 (7)  God:    Gozag
Gold:   458        SH:  0    Dex: 11 (13) Spells: 6/6 levels left

rFire    . . .     SeeInvis +   o - +0 hand axe
rCold    . . .     Gourm    .   (no shield)
rNeg     . . .     Faith    .   E - +0 ring mail
rPois    .         Spirit   .   (helmet restricted)
rElec    .         Reflect  .   (no cloak)
rCorr    .         Harm     .   C - +0 pair of gloves (curse)
MR       .....                  (no boots)
Stlth    +.........             (no amulet)
HPRegen  0.20/turn              f - ring of wizardry
MPRegen  0.10/turn              u - ring of see invisible

@: very slightly contaminated
A: retaliatory headbutt, horns 2
a: Potion Petition, Call Merchant, Bribe Branch, Renounce Religion


You were on level 5 of the Dungeon.
You worshipped Gozag.
Gozag was aware of your devotion.
You were not hungry.

You visited 1 branch of the dungeon, and saw 5 of its levels.

You collected 458 gold pieces.

Inventory:

Hand Weapons
 a - a +0 hand axe
 e - a +0 halberd
 k - a +0 whip
 o - a +0 hand axe (weapon)
 D - a +6 dire flail of crushing
Missiles
 n - 48 poisoned needles
Armour
 b - a +0 robe
 m - a +0 scale mail
 w - a +2 leather armour of magic resistance
 B - a +0 ring mail
 C - a cursed +0 pair of gloves (worn)
 E - a +0 ring mail (worn)
Jewellery
 f - a ring of wizardry (left hand)
 u - a ring of see invisible (right hand)
Wands
 g - a wand of digging (5)
Scrolls
 d - a scroll of blinking {unknown}
 l - a scroll of identify
 p - 2 scrolls of immolation {unknown}
 t - 4 scrolls of remove curse
 y - a scroll of magic mapping {unknown}
 A - a scroll of fog
Potions
 h - a potion of agility
 i - a potion of magic
 j - a potion of curing {unknown}
 q - a potion of lignification {unknown}
 r - 2 potions of flight
 s - a potion of berserk rage {unknown}
 v - a potion of might {unknown}
 x - a potion of mutation {unknown}
 z - a potion of haste {unknown}
Comestibles
 c - 6 rations


   Skills:
 + Level 5.7 Fighting
 + Level 7.9 Axes
 + Level 4.6 Armour
 + Level 5.1 Dodging
 + Level 2.1 Stealth


You had 6 spell levels left.
You didn't know any spells.
Your spell library contained the following spells:

 Spells                   Type           Power        Failure   Level  Hunger
 Ensorcelled Hibernation  Hex/Ice        #.....       50%         2    ###....
 Borgnjor's Vile Clutch   Necr/Erth      #.........   100%        5    ######.
 Silence                  Hex/Air        #.........   100%        5    ######.
 Darkness                 Hex            #.........   100%        6    #######
 Shadow Creatures         Summ           N/A          100%        6    #######


Dungeon Overview and Level Annotations

Branches:
Dungeon (5/15)             Temple (0/1) D:5

Altars:
Cheibriados
Dithmenos
Elyvilon
Gozag
Kikubaaqudgha
Nemelex Xobeh
Sif Muna
Yredelemnul
The Shining One

Annotations:
D:5 Prince Ribbit


Innate Abilities, Weirdness & Mutations

You reflexively headbutt those who attack you in melee.
You have a pair of horns on your head.


Message History

You are starting to lose your buoyancy.
You feel a little less agile now.
You float gracefully downwards.
You start to feel less resistant.
Your resistance to elements expires.
Prince Ribbit is too close now for your liking.
Prince Ribbit croaks.
You hit Prince Ribbit.
Prince Ribbit is lightly wounded.
Prince Ribbit blinks!
Prince Ribbit blinks!
You closely miss Prince Ribbit. Your headbutt misses Prince Ribbit.
Prince Ribbit is lightly wounded.
Prince Ribbit hits you.
* * * LOW HITPOINT WARNING * * *
You hit Prince Ribbit.
Prince Ribbit is lightly wounded.
Prince Ribbit hits you!
You die...
Your body crumbles into a pile of gold.

#..)......# #..#
########..# #..# #..#
#..# ##..####..#
#.......).#
#.#######.# ### #.#
#.#
.....#####.#######.#
........F@.ยง.......#
####.#####.#########
#.# ..# ####


You could see Prince Ribbit.

Vanquished Creatures
  Edmund (D:5)
  Duvessa (D:5)
  An ice beast (D:5)
  An ogre (D:5)
  Dowan (D:5)
  A scorpion (D:4)
  An orc priest (D:5)
  A hound (D:4)
  2 orc wizards (D:5)
  4 worker ants
  A hound zombie (D:5)
  A hound skeleton (D:4)
  3 gnolls (D:2)
  8 adders
  An ooze (D:2)
  A worm (D:2)
  2 dart slugs
  8 leopard geckos
  3 orcs (D:5)
  11 bats
  5 giant cockroaches
  8 hobgoblins
  4 jackals
  3 quokkas
  A ball python (D:1)
  4 frilled lizards
  5 goblins
  A jackal skeleton (D:5)
  9 kobolds
  A quokka skeleton (D:5)
  8 rats
102 creatures vanquished.

Vanquished Creatures (others)
  A human (D:5)
1 creature vanquished.

Grand Total: 103 creatures vanquished

Notes
Turn   | Place    | Note
-------+----------+-------------------------------------------
     0 | D:1      | Nameless213 the Minotaur Monk began the quest for the Orb.
     0 | D:1      | Reached XP level 1. HP: 19/19 MP: 0/0
   230 | D:1      | Reached XP level 2. HP: 10/27 MP: 1/1
   304 | D:1      | Reached skill level 4 in Axes
  1751 | D:2      | Reached XP level 3. HP: 33/33 MP: 2/2
  1941 | D:2      | Reached XP level 4. HP: 34/41 MP: 3/3
  2012 | D:2      | Reached skill level 1 in Armour
  2770 | D:3      | Reached skill level 5 in Axes
  2825 | D:3      | Reached XP level 5. HP: 47/47 MP: 4/4
  2867 | D:3      | Found a snail-covered altar of Cheibriados.
  2878 | D:3      | Found a white marble altar of Elyvilon.
  2890 | D:3      | Found a shadowy altar of Dithmenos.
  2899 | D:3      | Found a sparkling altar of Nemelex Xobeh.
  2909 | D:3      | Found a glowing golden altar of the Shining One.
  2920 | D:3      | Found a basalt altar of Yredelemnul.
  2933 | D:3      | Found a deep blue altar of Sif Muna.
  3369 | D:4      | Found an opulent altar of Gozag.
  3389 | D:4      | Became a worshipper of Gozag Ym Sagoz the Greedy
  3560 | D:4      | Reached XP level 6. HP: 41/55 MP: 5/5
  3851 | D:5      | Entered Level 5 of the Dungeon
  3896 | D:5      | Reached skill level 6 in Axes
  3909 | D:5      | Reached skill level 5 in Fighting
  3942 | D:5      | Noticed an ice beast
  3959 | D:5      | Killed an ice beast
  4011 | D:5      | Reached XP level 7. HP: 45/61 MP: 6/6
  4021 | D:5      | Found an ancient bone altar of Kikubaaqudgha.
  4022 | D:5      | Noticed Edmund
  4045 | D:5      | Killed Edmund
  4045 | D:5      | Reached skill level 7 in Axes
  4082 | D:5      | Noticed a human
  4084 | D:5      | Killed a human
  4264 | D:5      | Noticed Prince Ribbit
  4340 | D:5      | Found a staircase to the Ecumenical Temple.
  4412 | D:5      | Noticed Duvessa
  4412 | D:5      | Noticed Dowan
  4444 | D:5      | Killed Duvessa
  4444 | D:5      | Reached skill level 5 in Dodging
  4464 | D:5      | Killed Dowan
  4483 | D:5      | HP: 2/61 [ogre/cursed -1 giant spiked club (22)]
  4584 | D:5      | Slain by Prince Ribbit

Skill      XL: |  1  2  3  4  5  6  7 |
---------------+----------------------+-----
Axes           | 4 5 6 7 |  7.9
Fighting       | 4 5 |  5.7
Dodging        | 4 5 |  5.1
Armour         | 1 2 3 4 |  4.6
Stealth        | 2 |  2.1

Action                   |  1- 3 |  4- 6 |  7- 9 || total
-------------------------+-------+-------+-------++-------
Melee: Hand axe          |    77 |   155 |    85 ||   317
       Headbutt          |    12 |    22 |    17 ||    51
Invok: Potion Petition   |       |       |     1 ||     1
  Use: Potion            |     1 |       |     6 ||     7
       Scroll            |     5 |       |       ||     5
 Stab: Sleeping          |     1 |       |       ||     1
  Eat: Ration            |     1 |     2 |     1 ||     4
       Chunk             |     1 |     1 |       ||     2
Armor: Scale mail        |    35 |    47 |       ||    82
       Robe              |     3 |       |       ||     3
       Ring mail         |       |    17 |    17 ||    34
Dodge: Dodged            |    52 |    97 |    36 ||   185
